AoeStats
← Divine_Fury

Nomad

510620940Analyzed
2v2 RM · 2d ago on Oct 1, 2026· 47m 8s· 4 players
Game mode
Random Map
Map size
176×176
Population
200
Speed
Normal
Resources
Standard
Victory
Conquest
Starting age
Dark Age
Ending age
Imperial Age
RankedLock teamsTeams togetherTeam positionsShared explorationLock speedFull tech treeHidden civsTurbo modeCheats
Victory
Defeat
🇷🇺 Magyars · Russia
919
+12
🇰🇿 Italians · Kazakhstan
869
+15
🇳🇴 Spanish · Norway
842
-14
🇭🇺 Persians · Hungary
837
-13
KoN_Air
16:44 Feudal Age
17:38 Double-Bit Axe
22:56 Castle Age
21:12 Stone Mining
22:04 Gold Mining
23:13 Loom
27:50 Bow Saw
28:32 Wheelbarrow
29:29 Hand Cart
ßonera
15:48 Feudal Age
16:19 Double-Bit Axe
17:10 Fishing Lines
17:40 Man-at-Arms
17:48 Man-at-Arms
17:52 Man-at-Arms
19:53 Horse Collar
25:33 Castle Age
25:41 Fletching
25:53 Padded Archer Armor
26:18 Gillnets
27:36 Elite Skirmisher
33:13 Bodkin Arrow
34:30 Ballistics
34:29 Leather Archer Armor
36:06 Heavy Plow
36:19 Bow Saw
36:52 Wheelbarrow
36:03 Town Watch
36:04 Loom
37:36 Forging
37:32 Scale Barding Armor
40:20 Iron Casting
40:05 Chain Barding Armor
41:03 Hand Cart
42:24 Husbandry
42:35 Bloodlines
46:15 Imperial Age
47:49 Blast Furnace
47:24 Plate Barding Armor
46:19 Heavy Camel Rider
pohuito ergo sum
4:00 Loom
16:00 Feudal Age
20:58 Castle Age
19:09 Double-Bit Axe
20:10 Horse Collar
20:51 Fishing Lines
21:44 Husbandry
23:22 Bow Saw
23:57 Light Cavalry
26:11 Bloodlines
27:50 Wheelbarrow
27:03 Town Watch
27:22 Gillnets
31:17 Hand Cart
31:39 Scale Barding Armor
34:04 Ballistics
34:11 Chain Barding Armor
33:41 Fletching
35:44 Padded Archer Armor
39:17 Imperial Age
38:18 Bodkin Arrow
40:27 Bracer
43:20 Conscription
43:03 Recurve Bow
43:16 Scale Mail Armor
42:40 Pikeman
44:31 Siege Engineers
45:27 Chemistry
44:56 Parthian Tactics
44:37 Thumb Ring
43:53 Heavy Cavalry Archer
44:02 Heavy Cavalry Archer
44:06 Halberdier
Divine_Fury
5:06 Loom
15:34 Feudal Age
17:49 Horse Collar
18:20 Fishing Lines
20:53 Double-Bit Axe
26:56 Castle Age
25:33 Wheelbarrow
25:54 Fletching
26:08 Padded Archer Armor
27:50 Crossbowman
28:37 Thumb Ring
29:23 Medium Warships
34:32 Leather Archer Armor
34:12 Bodkin Arrow
39:38 Ballistics
39:00 Treadmill Crane
44:46 Imperial Age
42:34 Hand Cart
42:41 Hand Cart
45:59 Conscription
45:45 Bracer
46:16 Ring Archer Armor
45:21 Arbalester
46:49 Elite Genoese Crossbowman
Connection lost

Rejoining the realm…

Still unreachable

The connection could not be restored.

Session expired

The server has moved on; the page needs a fresh start.